 Dungeon Crawl Stone Soup version 0.19-a0-1127-gac58878 (webtiles) character file.

1387 epen the Covert (level 8, -1/42 HPs)
             Began as a Spriggan Monk on Aug 12, 2016.
             Slain by a killer bee (7 damage)
             ... on level 6 of the Dungeon.
             The game lasted 00:08:03 (5508 turns).

epen the Covert (Spriggan Monk)                     Turns: 5508, Time: 00:08:04

Health: -1/42      AC:  3    Str:  6 (9)  XL:     8   Next: 40%
Magic:  9/9        EV: 23    Int: 10 (12) God:
Gold:   313        SH:  0    Dex: 16 (18) Spells: 0 memorised, 7 levels left

rFire  . . .     SeeInvis +     y - +1 dagger (venom)
rCold  . . .     Gourm    .     b - +0 robe
rNeg   . . .     Faith    .     (shield restricted)
rPois  .         Spirit   .     (helmet restricted)
rElec  .         Dismiss  .     B - +0 cloak
rCorr  .         Reflect  .     (gloves unavailable)
SustAt .         Harm     .     (boots unavailable)
MR     +....                    r - amulet of regeneration
Stlth  ++++......               (no ring)
                                (no ring)

@: lethally poisoned (-1 -> -1), very quick
A: unfitting armour, see invisible, herbivore 3, speed 3, slow metabolism 2
a: no special abilities


You were on level 6 of the Dungeon.
You were not hungry.

You visited 1 branch of the dungeon, and saw 7 of its levels.

You collected 313 gold pieces.

Inventory:

Hand Weapons
 a - a +0 short sword
 y - a +1 dagger of venom (weapon)
Armour
 b - a +0 robe (worn)
 B - a +0 cloak (worn)
Jewellery
 r - an amulet of regeneration (around neck)
Wands
 w - a wand of confusion (29/48)
Scrolls
 e - 2 scrolls of enchant weapon {unknown}
 f - 3 scrolls of magic mapping {unknown}
 g - a scroll of random uselessness {unknown}
 h - 14 scrolls of identify {unknown}
 i - 3 scrolls of recharging {unknown}
 m - a scroll of blinking {unknown}
 n - 3 scrolls of remove curse {unknown}
 q - 4 scrolls of amnesia {unknown}
 t - a scroll of fear {unknown}
 x - 4 scrolls of teleportation {unknown}
 C - a scroll of silence {unknown}
 D - a scroll of torment {unknown}
Potions
 d - a potion of cancellation {unknown}
 k - 2 potions of haste {unknown}
 l - a potion of agility
 p - a potion of degeneration
 s - 2 potions of magic {unknown}
 u - 3 potions of lignification {unknown}
 v - 3 potions of flight {unknown}
 z - 2 potions of heal wounds {unknown}
 A - a potion of might
Comestibles
 c - 3 bread rations
 j - a mutagenic chunk of flesh
 o - 8 fruits


   Skills:
 + Level 4.4 Fighting
 * Level 7.8 Short Blades
 + Level 8.0 Dodging
 + Level 8.2 Stealth


You had 7 spell levels left.
You didn't know any spells.

Dungeon Overview and Level Annotations

Branches:
Dungeon (7/15)
 Temple: D:4-7

Altars:
Dithmenos
Okawaru
Pakellas
Ru

Shops:
D:6 [


Innate Abilities, Weirdness & Mutations

You are tiny and cannot use many weapons and most armour.
You have supernaturally acute eyesight. (SInv)
You are a herbivore.
You cover ground extremely quickly.
You need consume almost no food.


Message History

You kill the adder!
You enter the shallow water.
Moving in this stuff is going to be slow.
The killer bee closely misses you. The killer bee stings you!
There is a stone staircase leading up, spattered with blood here.
The killer bee stings you.
You are poisoned.
The killer bee poisons you! The killer bee completely misses you.
You climb upwards.
You feel sick.
There is a stone staircase leading down here.
You hit the killer bee.
The killer bee is poisoned.
The killer bee is lightly wounded.
The killer bee stings you.
* * * LOW HITPOINT WARNING * * *
It was a potion of degeneration.
There was something very wrong with that liquid.
You feel weakened.
You feel dopey.
You feel clumsy.
You feel sick. The killer bee barely misses you. The killer bee stings you!
You die...

##..##...####..#
#....######.#
#.#..##.......##
#...........#
...#.#[.##...##
##....#####..#
.#...#.###...# #....##
##.. #.#.#### ##..##
##....## ##. ##.##
##..## ##......## ###.
....#
##..###....##..####...
...##
##.........##..#..##.
...#
##.@y..#..###...####
..## ########......##
# ### ##...##.## #
##....###.##
#.###.####.## ### ##.#
##.# ### ##. ##


You could see a killer bee.

Vanquished Creatures
  Sigmund (D:5)
  Menkaure (D:7)
  A sky beast (D:7)
  A phantom (D:4)
  2 ogres
  Blork the orc (D:6)
  A scorpion (D:4)
  A water moccasin skeleton (D:4)
  4 crimson imps
  4 orc wizards (D:4)
  Crazy Yiuf (D:4)
  An iguana (D:4)
  3 worker ants
  Natasha (D:3)
  A hound skeleton (D:6)
  Robin (D:3)
  8 adders
  2 oozes
  An adder skeleton (D:5)
  A worm (D:4)
  A dart slug (D:1)
  2 giant geckos
  8 orcs
  A ball python (D:6)
  9 bats
  3 giant cockroaches
  17 goblins
  7 hobgoblins
  9 jackals
  A quokka (D:3)
  5 giant newts
  3 kobolds
  A quokka skeleton (D:4)
  7 rats
111 creatures vanquished.

Notes
Turn   | Place    | Note
-------+----------+-------------------------------------------
     0 | D:1      | epen the Spriggan Monk began the quest for the Orb.
     0 | D:1      | Reached XP level 1. HP: 11/11 MP: 2/2
   157 | D:1      | Reached XP level 2. HP: 13/16 MP: 3/3
  1072 | D:2      | Reached XP level 3. HP: 19/19 MP: 4/4
  1091 | D:2      | Found an iron altar of Okawaru.
  1213 | D:2      | Reached skill level 5 in Dodging
  1515 | D:3      | Reached XP level 4. HP: 23/23 MP: 5/5
  1975 | D:3      | Noticed Robin
  2051 | D:3      | Killed Robin
  2177 | D:3      | Found a sacrificial altar of Ru.
  2217 | D:3      | Noticed Natasha
  2221 | D:3      | Killed Natasha
  2221 | D:3      | Reached skill level 5 in Stealth
  2221 | D:3      | Reached XP level 5. HP: 28/28 MP: 6/6
  2451 | D:4      | Reached skill level 5 in Short Blades
  2589 | D:4      | Reached XP level 6. HP: 6/32 MP: 7/7
  3056 | D:4      | Reached XP level 7. HP: 36/36 MP: 8/8
  3449 | D:4      | Found a runed door.
  3453 | D:4      | Noticed Crazy Yiuf
  3457 | D:4      | Killed Crazy Yiuf
  3513 | D:5      | Entered Level 5 of the Dungeon
  3633 | D:5      | Noticed Sigmund
  3638 | D:5      | Killed Sigmund
  3869 | D:5      | Found a shadowy altar of Dithmenos.
  4303 | D:6      | Reached XP level 8. HP: 42/42 MP: 9/9
  4378 | D:6      | Found Balint's Armour Emporium.
  4591 | D:6      | Noticed Blork the orc
  4620 | D:6      | Killed Blork the orc
  5352 | D:6      | Found an oddly glowing altar of Pakellas.
  5426 | D:7      | Noticed Menkaure
  5482 | D:7      | Killed Menkaure
  5508 | D:6      | Slain by a killer bee

Vault maps used:
D:1:      dpeg_arrival_tiny_c, roderic_lattice_a
D:2:      okawaru_ov_weapons_minmay, first_bread
D:3:      minmay_statues_item, nicolae_ru_path_of_blood, uniq_robin,
          uniq_natasha
D:4:      minivault_5, uniq_crazy_yiuf_cottage
D:5:      lemuel_crystal_altar, uniq_sigmund
D:6:      marbit_many_paths, serial_shops, shop_fountains, st_stairs_6,
          uniq_blork_the_orc
D:7:      uniq_menkaure

Skill      XL: |  1  2  3  4  5  6  7  8 |
---------------+-------------------------+-----
Short Blades   | 4 5 6 7 |  7.8
Dodging        | 5 6 7 8 |  8.0
Stealth        | 4 5 6 7 8 |  8.2
Fighting       | 3 4 |  4.4

Action                   |  1- 3 |  4- 6 |  7- 9 || total
-------------------------+-------+-------+-------++-------
Melee: Short sword       |   103 |   256 |       ||   359
       Dagger            |       |    19 |   138 ||   157
  Use: Potion            |       |     2 |     1 ||     3
 Stab: Sleeping          |    17 |     8 |     8 ||    33
  Eat: Royal jelly       |       |       |     1 ||     1
Armor: Robe              |     8 |    12 |     5 ||    25
Dodge: Dodged            |    82 |   189 |    86 ||   357
